 Dungeon Crawl Stone Soup version 0.28.0-43-g3370ac3207 (webtiles) character file.

Game seed: 15193985873573516082

9858 crimpus the Spear-Bearer (level 11, -2/94 (95) HPs)
             Began as a Minotaur Fighter on Mar 20, 2022.
             Was the Champion of Okawaru.
             Slain by a shadow (23 damage)
             ... in a Gauntlet.
             The game lasted 00:19:08 (11258 turns).

crimpus the Spear-Bearer (Minotaur Fighter)        Turns: 11258, Time: 00:19:09

HP:   -2/94 (95)    AC: 20    Str: 25    XL:     11   Next: 28%
MP:   12/12         EV:  8    Int: 10    God:    Okawaru [******]
Gold: 243           SH:  5    Dex: 10    Spells: 10/10 levels left

rFire   . . .      SeeInvis .   y - +10 spear "Akosy" {drain, rPois Stlth+}
rCold   . . .      Faith    .   c - +0 buckler
rNeg    . . .      Spirit   .   e - +5 chain mail
rPois   +          Reflect  .   G - +0 hat {Int+3}
rElec   .          Harm     .   g - +0 cloak
rCorr   +          Rampage  .   (no gloves)
Will    .....      NoTele   +   k - +0 pair of boots
Stlth   ..........              (no amulet)
HPRegen 0.25/turn               B - ring of flight
MPRegen 0.13/turn               h - ring of resist corrosion

@: mighty, flying, hasted, lightly drained, very quick
A: horns 2, retaliatory headbutt, clever 1, high MP 1, subdued magic 1
a: Renounce Religion, Heroism, Finesse, Duel


You were in a Gauntlet.
You worshipped Okawaru.
Okawaru was exalted by your worship.
You visited 3 branches of the dungeon, and saw 13 of its levels.
You also visited: Gauntlet.

You collected 634 gold pieces.
You spent 391 gold pieces at shops.

Inventory:

Hand Weapons
 a - a +1 flail
 b - the +3 glaive of Hubris {venom, rF+ Will+}
   (You bought it in a shop on level 8 of the Dungeon)

   It poisons the flesh of those it strikes.
   rF:        It protects you from fire.
   Will:      It increases your willpower.
 y - the +10 spear "Akosy" (weapon) {drain, rPois Stlth+}
   (You found it on level 6 of the Dungeon)

   A truly terrible weapon, it drains the life of any living foe it strikes.
   rPois:     It protects you from poison.
   Stlth:     It makes you more stealthy.
 I - the +4 hand crossbow of Aduocosch {penet, Contam rElec Int+2}
   (Okawaru gifted it to you on level 8 of the Dungeon)

   Any ammunition fired by it passes through the targets it hits, potentially
   hitting all targets in its path until it reaches maximum range.
   Int:       It affects your intelligence (+2).
   rElec:     It insulates you from electricity.
   Contam:    It causes magical contamination when unequipped.
Armour
 c - a +0 buckler (worn)
 e - a +5 chain mail (worn)
 g - a +0 cloak (worn)
 k - a +0 pair of boots (worn)
 G - a +0 hat of intelligence (worn)
Jewellery
 h - a ring of resist corrosion (right hand)
 j - a ring of protection from cold
 n - the ring of Darkness {rCorr Int+5}
   (You found it in a Gauntlet)

   [ring of resist corrosion]

   Int:       It affects your intelligence (+5).
   rCorr:     It protects you from acid and corrosion.
 B - a ring of flight (left hand)
Wands
 m - a wand of digging (15)
 o - a wand of iceblast (11)
 s - a wand of polymorph (33)
 u - a wand of paralysis (8)
Scrolls
 i - 2 scrolls of fear
 r - a scroll of magic mapping
 t - a scroll of identify
 z - 3 scrolls of teleportation
 A - 2 scrolls of amnesia
Potions
 d - a potion of might
 f - a potion of flight
 l - a potion of ambrosia
 p - 3 potions of attraction
 q - 2 potions of degeneration
 w - 3 potions of curing
 x - 2 potions of magic


   Skills:
 + Level 8.6 Fighting
 - Level 7.8 Maces & Flails
 + Level 12.5 Polearms
 + Level 12.2 Armour
 - Level 0.3 Stealth
 + Level 7.2 Shields
 * Level 1.3 Invocations


You had 10 spell levels left.
You didn't know any spells.
Your spell library contained the following spells:

 Spells                   Type           Power      Damage    Failure   Level
 Freeze                   Ice            0%         1d3       89%         1
 Blink                    Tloc           0%         N/A       96%         2
 Static Discharge         Conj/Air       0%         N/A       96%         2
 Sublimation of Blood     Necr           0%         N/A       96%         2
 Wereblood                Tmut           0%         N/A       96%         2
 Frozen Ramparts          Ice            0%         1d2       99%         3
 Lesser Beckoning         Tloc           0%         N/A       99%         3
 Ozocubu's Armour         Ice            0%         N/A       99%         3
 Portal Projectile        Hex/Tloc       0%         N/A       99%         3
 Hailstorm                Conj/Ice       0%         3d3       100%        4
 Leda's Liquefaction      Hex/Erth       0%         N/A       100%        4
 Lightning Bolt           Conj/Air       0%         1d11      100%        5
 Manifold Assault         Tloc           0%         N/A       100%        5
 Ozocubu's Refrigeration  Ice            0%         4d5       100%        7
 Maxwell's Capacitive Co  Air            0%         ∞         100%        8
 Call Canine Familiar     Summ           Unusable   N/A       N/A         3
 Summon Hydra             Summ           Unusable   N/A       N/A         7

Dungeon Overview and Level Annotations

Branches:
Dungeon (11/15)            Temple (1/1) D:7            Lair (1/6) D:8
Gauntlet (1/1)
    Orc: D:9-12

Altars:
Ashenzari
Cheibriados
Dithmenos
Elyvilon
Fedhas
Gozag
Hepliaklqana
Nemelex Xobeh
Okawaru
Qazlal
Ru
Sif Muna
Trog
Uskayaw
Vehumet
Wu Jian
Xom
Yredelemnul
Zin

Shops:
D:2 [   D:6 ?   D:8 :=([=

Annotations:
Gauntlet 9 transporters, exclusion: oklob plant


Innate Abilities, Weirdness & Mutations

You have a pair of horns on your head.
You reflexively headbutt those who attack you in melee.
Your mind is acute. (Int +2)
You have an increased reservoir of magic. (+10% MP)
Your spells are a little easier to cast, but a little less powerful.


Message History

You are too injured to fight recklessly!
You are too injured to fight recklessly!
There is a transporter here.
You enter the transporter and appear at another place.
The shadow slips into darkness.
The shadow flickers and vanishes!
Deactivating autopickup; reactivate with Ctrl-A.
You are too injured to fight recklessly!
You are too injured to fight recklessly!
Unknown command.
You are too injured to fight recklessly!
You are too injured to fight recklessly!
Unknown command.
You are too injured to fight recklessly!
You barely miss the shadow. You impale the shadow!!
The shadow is severely damaged.
You puncture the shadow!
You destroy the shadow!
Okawaru accepts your kill.
You hit the shadow. You headbutt the shadow.
The shadow is heavily damaged.
The shadow slips into darkness.
The shadow flickers and vanishes!
The shadow hits you.
You puncture the shadow! Your headbutt misses the shadow.
The shadow is almost destroyed.
The shadow strikes at you from the darkness!
* * * LOW HITPOINT WARNING * * *
Reactivating autopickup.
You completely miss the shadow.
The shadow is almost destroyed.
You puncture the shadow!
You destroy the shadow!
Okawaru accepts your kill.
You flicker back into view.
You closely miss the shadow. The shadow hits you.
You puncture the shadow!
The shadow is severely damaged.
The shadow strikes at you from the darkness!
You die...

..........§.............≈........
∩........≈8≈...........≈8≈.......
..........≈.............≈........
#########...###########...#######
........#...#.........#...#ww©.≈.
#.##.##.#...#.........#...#w≈≈.≈≈
#..#....#####..#...#..#####w.≈≈..
##.##.#.#...#.....P..$#...#....≈≈
.#.©#..©#©.©#..W@©...©#©.©#.≈≈..≈
.##.##..#...#.........#...#≈.≈.≈≈
........#####..#...#.(#####w..≈..
#.##.##.#...#.........#...#w≈≈..≈
........#.8.#.........#.8.#ww.≈≈.
#########...###########...#######
.................................
.................................
#################################


You could see a shadow.

Vanquished Creatures
  Gastronok (D:8)
  Harold (D:9)
  Erica (D:9)
  An ugly thing (D:11)
  A worldbinder (Gauntlet)
  A hornet (D:9)
  2 shadows (Gauntlet)
  A yak (D:8)
  A steam dragon (D:9)
  An acid dragon (D:9)
  3 water moccasins
  5 orc warriors
  5 sky beasts
  3 black bears (D:8)
  3 ice beasts
  A boggart (Gauntlet)
  An ogre (D:6)
  4 centaurs
  A lemure (D:9)
  6 bullfrogs (D:8)
  2 scorpions
  15 killer bees
  3 howler monkeys (D:7)
  14 wights
  8 electric eels (D:9)
  A bullfrog zombie (D:6)
  4 orc priests
  A bullfrog skeleton (D:6)
  4 centaur zombies
  2 centaur skeletons
  2 gnoll shamans
  3 hounds
  5 iguanas
  12 orc wizards
  A killer bee zombie (D:8)
  A hound zombie (D:5)
  A hound skeleton (D:4)
  7 gnolls
  7 adders
  2 howler monkey skeletons
  A shadow imp (D:7)
  2 white imps
  2 ufetubi
  An adder skeleton (D:4)
  A dart slug (D:3)
  42 orcs
  5 ball pythons
  7 endoplasms
  5 giant cockroaches
  7 goblins
  6 hobgoblins
  3 jackals (D:1)
  2 kobolds
  5 quokkas
  5 bats
  6 frilled lizards
  10 rats
248 creatures vanquished.

Vanquished Creatures (others)
  24 fungi (D:8)
  32 plants
  26 withered plants (Gauntlet)
82 creatures vanquished.

Grand Total: 330 creatures vanquished

Notes
Turn   | Place    | Note
-------+----------+-------------------------------------------
     0 | D:1      | crimpus the Minotaur Fighter began the quest for the Orb.
     0 | D:1      | Reached XP level 1. HP: 19/19 MP: 0/0
   291 | D:1      | Reached XP level 2. HP: 22/27 MP: 1/1
   564 | D:1      | Found a faded altar of an unknown god.
  1176 | D:2      | Found Vehyji's Armour Shoppe.
  1284 | D:2      | Reached XP level 3. HP: 33/33 MP: 2/2
  1740 | D:3      | Reached XP level 4. HP: 40/40 MP: 3/3
  1852 | D:3      | Noticed a scorpion
  1859 | D:3      | Killed a scorpion
  1860 | D:3      | Reached skill level 5 in Armour
  1949 | D:3      | Found an iron altar of Okawaru.
  1952 | D:3      | Reached XP level 5. HP: 46/46 MP: 4/4
  1981 | D:3      | Became a worshipper of Warmaster Okawaru
  2301 | D:3      | Found a shimmering altar of Xom.
  3065 | D:4      | Identified the +3 buckler "Mual" {rElec rPois rC+ Slay-4}
  3197 | D:4      | Reached skill level 5 in Maces & Flails
  3197 | D:4      | Reached XP level 6. HP: 53/53 MP: 5/5
  3769 | D:4      | Reached * piety under Okawaru
  3776 | D:4      | Reached skill level 5 in Fighting
  3776 | D:4      | Reached XP level 7. HP: 32/61 MP: 6/6
  4227 | D:4      | Found a white marble altar of Elyvilon.
  4533 | D:5      | Entered Level 5 of the Dungeon
  4533 | D:5      | Found a hide-covered altar of Uskayaw.
  4552 | D:5      | Found a sacrificial altar of Ru.
  5325 | D:5      | Found a bloodstained altar of Trog.
  5435 | D:6      | Identified the +10 spear "Akosy" {drain, rPois Stlth+}
  5449 | D:6      | Reached ** piety under Okawaru
  5450 | D:6      | Reached XP level 8. HP: 56/69 MP: 7/7
  5520 | D:6      | Reached skill level 5 in Shields
  5646 | D:6      | Reached skill level 1 in Polearms
  5885 | D:6      | Reached skill level 5 in Polearms
  5929 | D:6      | Reached *** piety under Okawaru
  6256 | D:6      | Found Vadass's Magic Scroll Shop.
  6421 | D:7      | Found a staircase to the Ecumenical Temple.
  6488 | Temple   | Entered the Ecumenical Temple
  6658 | D:7      | Reached XP level 9. HP: 75/75 MP: 8/8
  7109 | D:7      | Reached **** piety under Okawaru
  7570 | D:8      | Found Pifus's Book Shoppe.
  7591 | D:8      | Found a blossoming altar of Fedhas.
  7591 | D:8      | Found a snail-covered altar of Cheibriados.
  7600 | D:8      | You fall into a shaft and drop 3 floors!
  7600 | D:11     | Noticed a cyan ugly thing
  7607 | D:11     | Killed a cyan ugly thing
  7608 | D:11     | Reached skill level 10 in Polearms
  7706 | D:11     | Received a gift from Okawaru
  7706 | D:11     | Reached ***** piety under Okawaru
  7707 | D:11     | Reached XP level 10. HP: 80/86 MP: 9/9
  7711 | D:10     | Entered Level 10 of the Dungeon
  8147 | D:9      | Noticed Erica
  8173 | D:9      | Killed Erica
  8214 | D:9      | Reached skill level 10 in Armour
  9485 | D:9      | Noticed Harold
  9501 | D:9      | Killed Harold
  9501 | D:9      | Received a gift from Okawaru
  9600 | D:9      | Noticed a two-headed ogre
  9602 | D:9      | Noticed a deep elf pyromancer
  9966 | D:8      | Noticed Gastronok
  9979 | D:8      | Killed Gastronok
 10069 | D:8      | Reached ****** piety under Okawaru
 10114 | D:8      | Found a hazy altar of Hepliaklqana.
 10201 | D:8      | Reached XP level 11. HP: 94/94 MP: 10/10
 10215 | D:8      | Identified the +4 hand crossbow of Aduocosch {penet, Contam
                  | rElec Int+2} (Okawaru gifted it to you on level 8 of the
                  | Dungeon)
 10215 | D:8      | Received a gift from Okawaru
 10410 | D:8      | Found an opulent altar of Gozag.
 10475 | D:8      | Found a staircase to the Lair.
 10667 | D:8      | Found Ishrustruu's Antique Weapon Emporium.
 10670 | D:8      | Found Weotoang's Jewellery Emporium.
 10670 | D:8      | Found Cukouweo's Antique Armour Emporium.
 10673 | D:8      | Found Maempepn's Jewellery Emporium.
 10684 | D:8      | Bought a smoking glaive for 391 gold pieces
 10684 | D:8      | Identified the +3 glaive of Hubris {venom, rF+ Will+} (You
                  | bought it in a shop on level 8 of the Dungeon)
 10926 | Lair:1   | Entered Level 1 of the Lair of Beasts
 10926 | Lair:1   | Found a gate leading to a gauntlet.
 10944 | Gauntlet | Entered a Gauntlet
 10944 | Gauntlet | Found the +3 salamander hide armour {Flames rF++ rC--}
 10944 | Gauntlet | Found a transporter.
 10944 | Gauntlet | Found a transporter.
 10948 | Gauntlet | Found a transporter.
 10948 | Gauntlet | Found a transporter.
 10948 | Gauntlet | Found a transporter.
 10949 | Gauntlet | Found a transporter.
 10965 | Gauntlet | Found a transporter.
 10969 | Gauntlet | Found a transporter.
 10982 | Gauntlet | Found a transporter.
 11093 | Gauntlet | Noticed an oklob plant
 11094 | Gauntlet | Found a transporter.
 11098 | Gauntlet | Found a transporter.
 11110 | Gauntlet | Found a transporter.
 11181 | Gauntlet | Gained mutation: Your mind is acute. (Int +2) [potion of
                  | mutation]
 11181 | Gauntlet | Gained mutation: Your body sometimes deteriorates upon
                  | taking damage. [potion of mutation]
 11181 | Gauntlet | Gained mutation: You are robust. (+10% HP) [potion of
                  | mutation]
 11182 | Gauntlet | Lost mutation: Your mind is acute. (Int +2) [potion of
                  | mutation]
 11182 | Gauntlet | Lost mutation: Your body sometimes deteriorates upon taking
                  | damage. [potion of mutation]
 11182 | Gauntlet | Lost mutation: You are robust. (+10% HP) [potion of
                  | mutation]
 11182 | Gauntlet | Gained mutation: Your mind is acute. (Int +2) [potion of
                  | mutation]
 11182 | Gauntlet | Gained mutation: Your spells are a little easier to cast,
                  | but a little less powerful. [potion of mutation]
 11182 | Gauntlet | Gained mutation: You have an increased reservoir of magic.
                  | (+10% MP) [potion of mutation]
 11186 | Gauntlet | Noticed a soul eater
 11188 | Gauntlet | Noticed an orb spider
 11188 | Gauntlet | Noticed a wolf spider
 11205 | Gauntlet | Noticed a wolf spider
 11205 | Gauntlet | Noticed a wolf spider
 11205 | Gauntlet | Noticed a wolf spider
 11211 | Gauntlet | Reached skill level 1 in Invocations
 11224 | Gauntlet | HP: 3/93 [soul eater/drain life[a boggart] (15)]
 11228 | Gauntlet | Noticed a fire crab
 11228 | Gauntlet | a shapeshifter changed into a fire crab
 11242 | Gauntlet | Identified the ring of Darkness {rCorr Int+5}
 11258 | Gauntlet | Slain by a shadow

Illustrated notes

Levels and vault maps discovered:
D:1:      ncdulo_halloftheorcs, layout_loops_ring,
          hellmonk_ecumenical_altar_inner_sanctum, kennysheep_small_spiral
D:2:      layout_loops_ring, serial_shops, shop
D:3:      minmay_bubble_buster, layout_basic, lemuel_crystal_altar,
          mainiacjoe_overflow_boulevard
D:4:      layout_loops_corners, mainiacjoe_overflow_cross_hatched
D:5:      layout_loops_ring, trog_butcher_becter,
          mainiacjoe_overflow_large_starburst, minmay_misc_feat_plants
D:6:      kennysheep_six_static_rooms, layout_basic, serial_shops, shop,
          grunt_ministairs_7
D:7:      layout_basic, minmay_temple_entry_proselytizer, moated_statue,
          lemuel_another_geyser
D:8:      layout_loops_ring, chequers_temple_overflow_statue_of_worship,
          nicolae_gozag_cash_rules_everything_around_me,
          worldfamousw_hep_ancestral_shrine, due_lair_maze_entry_diamond,
          serial_shops, nicolae_lakefront_shop, minmay_shop_grid_forest,
          uniq_gastronok
D:9:      layout_grid_maze, serial_bayou, serial_bayou_ford_a,
          serial_bayou_lagoon_a, serial_bayou_lake_a, serial_bayou_pond_e,
          minmay_mirror_moons_of_madness, uniq_erica, uniq_harold, uniq_pikel
D:10:     layout_long_grid, bloody_makhleb, tgw_kikubaaqudgha,
          mainiacjoe_overflow_alcove_2, serial_shops, shop_fountains,
          nicolae_shop_hallway_plus, uniq_josephine, uniq_maggie
D:11:     layout_cave_pools, erik_orc_4, serial_rivers,
          chequers_serial_rivers_small_a, chequers_serial_rivers_micro_d,
          chequers_serial_rivers_marsh, chequers_serial_rivers_large_a,
          chequers_serial_rivers_micro_e, chequers_serial_rivers_micro_a
Temple:   nicolae_temple_figure_zero
Lair:1:   layout_chaotic_city, gauntlet_entry_generic
Gauntlet: gammafunk_gauntlet_hard_choice [nicolae_gauntlet_arena_grate_2,
          gammafunk_gauntlet_arena_chambers, gammafunk_gauntlet_arena_hedges,
          gammafunk_gauntlet_arena_split_diamond,
          nicolae_gauntlet_arena_flowing_pool, nicolae_gauntlet_swirl,
          gauntlet_exit_hidden_loot]

Skill      XL: |  1  2  3  4  5  6  7  8  9 10 11 |
---------------+----------------------------------+-----
Armour         | 4 5 6 7 9 11 12 | 12.2
Fighting       | 4 5 6 7 8 |  8.6
Maces & Flails | 3 4 5 6 7 |  7.8
Shields        | 4 5 6 7 |  7.2
Polearms       | 7 10 12 | 12.5
Invocations    | 1 |  1.3
Stealth        | |  0.3

Action                   |  1- 3 |  4- 6 |  7- 9 | 10-12 || total
-------------------------+-------+-------+-------+-------++-------
Melee: Flail             |    86 |    94 |    72 |       ||   252
       Headbutt          |     4 |    12 |    52 |    39 ||   107
       Spear             |       |       |   206 |   261 ||   467
  Use: Scroll            |       |     4 |     7 |     4 ||    15
       Potion            |       |     2 |       |     8 ||    10
 Stab: Distracted        |       |       |       |     1 ||     1
Armor: Scale mail        |    60 |    18 |       |       ||    78
       Chain mail        |       |    32 |   122 |    76 ||   230
Dodge: Dodged            |    44 |    31 |    63 |    36 ||   174
Block: Buckler           |    16 |    18 |    46 |    22 ||   102
